Map: Green Acres

Players

TimeTwist - Winner!

  • Race: Terran Terran
  • Spawn Location: 1:00

Myran

  • Race: Protoss Protoss
  • Spawn Location: 6:00

dallaskuken - Winner!

  • Race: Protoss Protoss
  • League: Platinum
  • Spawn Location: 3:00

FrogMint

  • Race: Zerg Zerg
  • Spawn Location: 7:00

Loken - Winner!

  • Race: Zerg Zerg
  • League: Platinum
  • Spawn Location: 12:00

Scaramanga

  • Race: Terran Terran
  • Spawn Location: 9:00

VOD

Have the link to the VOD?

Description

Time

  • Played on: March 16, 2017, 7:42 p.m.
  • Length: 11:34
Show
View Real Time Build Order
Export as new Build Order

TimeTwist Terran - Winner!

Build Orders: MMM Bio, Banshee Rush 

Get SALT Encoding   

  12  0:01  SCV  
  13  0:17  Supply Depot  
  13  0:18  SCV  
  14  0:30  SCV  
  15  0:39  Barracks  
  15  0:42  SCV  
  16  0:46  Refinery  
  16  0:54  SCV  
  17  1:06  SCV  
  18  1:18  SCV  
  18  1:24  Refinery  
  19  1:30  Barracks  
  19  1:32  Orbital Command  
  19  1:43  Supply Depot  
  19  1:57  Factory, SCV  
  20  2:09  SCV  
  20  2:14  Marine  
  22  2:17  Marine  
  23  2:25  Bunker  
  23  2:30  SCV  
  23  2:32  Marine  
  23  2:34  Marine  
  26  2:45  SCV  
  26  2:46  Starport, Factory Tech Lab  
  26  2:50  Marine  
  28  2:52  Marine  
  28  2:57  SCV  
  30  3:00  Supply Depot  
  30  3:10  SCV  
  31  3:29  Supply Depot  
  31  3:31  Banshee  
  31  3:32  Cloaking Field  
  34  3:37  Marine x2, Engineering Bay  
  36  3:55  Factory Tech Lab  
  36  3:57  Marine x2  
  36  4:01  SCV  
  39  4:10  Missile Turret  
  39  4:14  Banshee  
  42  4:23  Command Center  
  41  4:40  Barracks Tech Lab  
  41  4:41  Marine  
  42  4:46  Barracks  
  42  4:48  Barracks  
  42  4:58  Marine  
  42  5:21  Marine  
  42  5:22  Marauder  
  45  5:43  Marauder  
  47  6:01  Orbital Command  
  47  6:04  Missile Turret  
  47  6:13  Marauder  
  47  6:15  Combat Shields  
  47  6:16  Marine, Barracks Tech Lab  
  47  6:17  Marine  
  51  6:19  Siege Tank  
  51  6:28  SCV  
  52  6:34  SCV  
  52  6:37  Marauder x2, Marine x2  
  59  6:40  SCV, Stimpack  
  59  6:46  SCV  
  61  6:47  Starport Reactor  
  61  6:54  Barracks  
  51  6:55  Marine  
  51  6:59  SCV  
  43  7:08  Refinery  
  43  7:09  Factory Tech Lab, Refinery  
  43  7:20  Marauder x2, Marine x2  
  49  7:35  Cyclone  
  52  7:44  Marine x2  
  52  7:45  Marine x3  
  52  7:46  SCV  
  52  7:47  SCV  
  59  7:51  Barracks  
  59  7:53  Engineering Bay  
  59  7:58  SCV  
  59  7:59  SCV  
  59  8:02  Marine  
  62  8:16  Supply Depot  
  62  8:18  Supply Depot  
  62  8:20  Supply Depot  
  62  8:23  SCV x2, Concussive Shells  
  62  8:24  Medivac  
  62  8:25  Medivac  
  68  8:30  Armory  
  68  8:35  SCV x2  
  70  8:47  SCV  
  71  8:57  Siege Tank  
  74  9:15  Medivac x2  
  74  9:16  Marauder, Marine  
  74  9:17  Marauder, Marine x3  
  83  9:34  Marine x2  
  83  9:35  Marauder, Marine  
  83  9:36  Siege Tank  
  83  9:38  Marauder  
  93  9:46  Supply Depot  
  93  9:49  Supply Depot  
  93  10:08  Marauder x3, Marine x2  
  93  10:09  Marine  
  93  10:13  Siege Tank  
  105  10:15  Command Center  
  105  10:26  Marine x2  
  107  10:29  Marauder  
  109  10:37  Marauder x2, Marine  
  114  10:44  Marine x2  
  114  10:51  Marauder  
  114  10:55  Viking, Marine  
  116  11:28  Missile Turret  
Show
View Real Time Build Order
Export as new Build Order

Myran Protoss 

Build Orders:  

Get SALT Encoding   

  12  0:02  Probe (Chrono Boost)  
  13  0:12  Probe (Chrono Boost)  
  14  0:21  Pylon  
  14  0:23  Probe (Chrono Boost)  
  15  0:40  Probe (Chrono Boost)  
  16  0:43  Gateway  
  16  0:50  Probe (Chrono Boost)  
  17  0:59  Assimilator  
  17  1:01  Probe (Chrono Boost)  
  18  1:04  Assimilator  
  18  1:11  Probe (Chrono Boost)  
  19  1:32  Cybernetics Core  
  19  1:34  Pylon  
  19  1:36  Probe (Chrono Boost)  
  20  1:46  Probe (Chrono Boost)  
  21  1:52  Pylon  
  21  1:57  Probe (Chrono Boost)  
  22  2:07  Pylon  
  22  2:08  Probe (Chrono Boost)  
  23  2:18  Probe (Chrono Boost)  
  24  2:27  Stargate  
  24  2:29  Probe (Chrono Boost)  
  25  2:43  Probe (Chrono Boost)  
  26  2:49  Robotics Facility  
  26  2:53  Probe (Chrono Boost)  
  28  3:05  Probe (Chrono Boost)  
  28  3:10  Void Ray  
  32  3:16  Probe (Chrono Boost)  
  33  3:26  Forge  
  33  3:28  Probe (Chrono Boost)  
  34  3:40  Warp Prism, Probe (Chrono Boost)  
  37  3:47  Void Ray  
  37  3:55  Stargate  
  41  4:26  Probe (Chrono Boost)  
  31  5:03  Nexus  
  31  5:05  Probe (Chrono Boost)  
  32  5:17  Probe (Chrono Boost), Void Ray  
  32  5:21  Pylon  
  33  5:23  Void Ray  
  42  5:29  Probe (Chrono Boost)  
  42  5:33  Assimilator  
  42  5:37  Assimilator  
  42  5:40  Pylon  
  41  5:53  Observer  
  33  6:06  Void Ray  
  33  6:26  Probe (Chrono Boost)  
  33  6:31  Probe (Chrono Boost)  
  35  6:36  Probe (Chrono Boost)  
  36  6:47  Probe (Chrono Boost)  
  33  7:19  Void Ray  
  33  7:23  Void Ray  
  33  7:28  Probe (Chrono Boost)  
  42  7:36  Probe (Chrono Boost)  
  32  8:00  Probe x2 (Chrono Boost)  
  32  8:03  Void Ray  
  38  8:13  Probe (Chrono Boost)  
  37  8:27  Void Ray  
  33  9:00  Probe (Chrono Boost)  
  32  9:12  Probe (Chrono Boost)  
  26  9:24  Probe (Chrono Boost)  
  26  9:33  Probe (Chrono Boost)  
  26  9:36  Probe (Chrono Boost)  
  28  9:45  Probe (Chrono Boost)  
  29  9:57  Probe (Chrono Boost)  
  30  10:09  Probe (Chrono Boost)  
  31  10:16  Photon Cannon  
  11  11:12  Photon Cannon  
Show
View Real Time Build Order
Export as new Build Order

dallaskuken Protoss - Winner!

Build Orders: 1 Gate Expand, Oracle Opening 

Get SALT Encoding   

  12  0:02  Probe (Chrono Boost)  
  13  0:12  Probe (Chrono Boost)  
  14  0:23  Pylon  
  15  0:28  Probe (Chrono Boost)  
  15  0:41  Probe (Chrono Boost)  
  16  0:52  Gateway, Probe (Chrono Boost)  
  17  1:02  Probe (Chrono Boost)  
  18  1:13  Probe (Chrono Boost)  
  19  1:22  Nexus  
  19  1:24  Probe (Chrono Boost)  
  20  1:34  Probe (Chrono Boost)  
  21  1:44  Cybernetics Core  
  21  1:45  Probe (Chrono Boost)  
  21  1:46  Assimilator  
  22  1:56  Pylon  
  22  1:58  Probe (Chrono Boost)  
  23  2:07  Assimilator  
  23  2:14  Probe (Chrono Boost)  
  24  2:24  Probe (Chrono Boost)  
  25  2:35  Probe x2 (Chrono Boost)  
  27  2:45  Probe x2 (Chrono Boost)  
  29  2:56  Probe x2 (Chrono Boost)  
  29  2:57  Stargate  
  31  3:06  Probe (Chrono Boost)  
  32  3:17  Probe x2 (Chrono Boost)  
  34  3:27  Probe (Chrono Boost)  
  34  3:28  Probe (Chrono Boost)  
  35  3:36  Oracle  
  35  3:38  Probe (Chrono Boost)  
  35  3:39  Probe (Chrono Boost)  
  40  3:49  Probe (Chrono Boost)  
  40  3:54  Pylon  
  38  3:55  Pylon  
  38  3:59  Probe (Chrono Boost)  
  35  4:10  Probe (Chrono Boost)  
  31  4:44  Void Ray  
  35  5:21  Void Ray  
  39  5:36  Stargate  
  39  6:03  Void Ray  
  43  6:17  Pylon  
  43  6:19  Pylon x2  
  40  6:49  Void Ray  
  12  9:04  Stargate  
  12  9:48  Nexus  
  12  10:00  Pylon  
  12  10:01  Pylon  
  12  10:05  Pylon  
  12  10:17  Void Ray  
  16  10:49  Forge  
  16  10:54  Assimilator  
  16  10:57  Assimilator  
  16  11:03  Probe (Chrono Boost)  
  17  11:08  Pylon  
  17  11:13  Probe (Chrono Boost)  
Show
View Real Time Build Order
Export as new Build Order

FrogMint Zerg 

Build Orders: Pool First 

Get SALT Encoding   

  12  0:02  Drone  
  13  0:12  Overlord  
  13  0:17  Drone  
  14  0:30  Drone x2  
  14  0:35  Drone  
  17  0:48  Spawning Pool  
  16  0:50  Drone  
  17  0:57  Extractor  
  17  0:58  Drone  
  17  1:07  Drone  
  18  1:23  Drone  
  19  1:33  Drone  
  19  1:35  Queen  
  19  1:39  Overlord  
  22  1:59  Hatchery  
  21  2:03  Spine Crawler  
  20  2:10  Zergling x2  
  20  2:11  Zergling x2  
  20  2:12  Metabolic Boost  
  22  2:21  Drone  
  23  2:26  Zergling x2  
  24  2:32  Baneling Nest  
  23  2:39  Zergling x2  
  24  2:46  Overlord  
  24  2:48  Queen  
  24  2:50  Drone  
  24  2:51  Drone x2  
  29  3:09  Zergling x2  
  30  3:14  Queen  
  30  3:15  Drone  
  30  3:19  Drone x2  
  35  3:20  Overlord  
  35  3:32  Zergling x6  
  38  3:41  Zergling x4  
  40  3:48  Zergling x2  
  40  3:49  Zergling x2  
  40  3:54  Zergling x2  
  43  4:15  Zergling x2  
  42  4:28  Zergling x2  
  42  4:29  Zergling x8  
  47  4:32  Spore Crawler  
  47  4:36  Spore Crawler  
  45  4:39  Spine Crawler  
  45  4:42  Spine Crawler  
  45  4:43  Zergling x2  
  45  4:44  Zergling x2  
  45  4:45  Queen  
  47  5:06  Zergling x14  
  47  5:14  Zergling x2  
  47  5:15  Zergling x4  
  50  5:24  Overlord x2  
  50  5:52  Lair  
  35  6:07  Baneling x3  
  35  6:08  Baneling x12  
  35  6:11  Zergling x2  
  35  6:12  Zergling x12  
  35  6:18  Drone x3  
  45  6:38  Overlord x2  
  45  6:40  Zergling x6  
  35  7:05  Zergling x2  
  35  7:06  Zergling x18  
  45  7:20  Zergling x10  
  48  7:26  Zergling x2  
  48  7:27  Zergling x2  
  49  7:41  Zergling x2  
  49  7:42  Zergling x8  
  51  8:01  Drone x2  
  53  8:12  Extractor  
  52  8:17  Spire  
  50  9:01  Overseer  
  50  9:04  Drone x5  
  50  9:05  Drone x7  
  62  9:14  Centrifical Hooks  
  62  9:24  Baneling x10  
  62  9:25  Baneling  
  62  9:31  Drone x2  
  62  9:32  Drone x2  
  64  10:00  Zergling x2  
  64  10:01  Zergling x12  
  64  10:06  Zergling x2  
  64  10:07  Mutalisk  
  72  10:11  Extractor  
  73  10:14  Extractor  
  72  10:21  Hatchery  
  60  10:37  Mutalisk  
Show
View Real Time Build Order
Export as new Build Order

Loken Zerg - Winner!

Build Orders: Hatch First 

Get SALT Encoding   

  12  0:01  Drone  
  13  0:10  Drone  
  14  0:17  Overlord  
  14  0:38  Drone x3  
  17  0:51  Drone  
  18  1:07  Overlord  
  18  1:09  Hatchery  
  18  1:10  Drone  
  18  1:23  Spawning Pool  
  18  1:24  Drone  
  18  1:39  Drone  
  19  1:50  Drone  
  19  1:53  Extractor  
  19  1:56  Drone  
  19  2:00  Hatchery  
  19  2:10  Queen  
  19  2:12  Zergling x2  
  22  2:16  Zergling x2  
  23  2:22  Queen  
  23  2:24  Drone  
  26  2:37  Drone x3  
  29  2:46  Queen  
  29  2:50  Drone  
  32  2:52  Overlord  
  32  2:57  Extractor  
  31  2:59  Metabolic Boost  
  31  3:16  Zergling x2  
  31  3:17  Zergling x10  
  34  3:42  Drone  
  34  3:43  Drone x8  
  43  4:07  Drone x6  
  43  4:09  Overlord  
  49  4:10  Overlord  
  49  4:27  Zergling x14  
  49  4:30  Zergling x2  
  57  4:42  Lair  
  57  5:09  Extractor  
  57  5:12  Extractor  
  50  5:16  Overlord x3  
  50  5:17  Overlord  
  50  5:20  Zergling x30  
  65  5:37  Drone  
  65  5:38  Drone x5  
  71  5:44  Drone  
  71  5:45  Drone x2  
  74  5:59  Nydus Network  
  72  6:07  Zergling x2  
  72  6:08  Zergling x18  
  80  6:20  Hydralisk Den  
  80  6:23  Spire  
  78  6:41  Drone x5  
  78  6:42  Drone x2  
  85  7:00  Nydus Canal  
  85  7:12  Muscular Augments  
  85  7:13  Overlord x5  
  85  7:14  Overlord  
  71  7:57  Mutalisk  
  71  7:58  Mutalisk x10  
  93  8:06  Evolution Chamber  
  93  8:11  Evolution Chamber  
  93  8:12  Evolution Chamber  
  90  8:15  Infestation Pit  
  90  8:18  Zerg Flyer Weapons Level 1  
  89  8:26  Pneumatized Carapace  
  78  8:47  Zergling x24  
  78  8:48  Zergling x24  
  82  8:54  Queen  
  73  9:09  Queen  
  75  9:24  Nydus Canal  
  75  9:38  Queen  
  69  10:14  Hydralisk x2  
  69  10:15  Hydralisk x12  
  97  10:24  Nydus Canal  
  59  11:03  Overseer  
Show
View Real Time Build Order
Export as new Build Order

Scaramanga Terran 

Build Orders: MMM Bio 

Get SALT Encoding   

  12  0:01  SCV  
  13  0:13  SCV  
  14  0:18  Supply Depot  
  14  0:25  SCV  
  15  0:39  SCV  
  15  0:41  Barracks  
  16  0:46  Refinery  
  16  0:52  SCV  
  16  0:56  Refinery  
  17  1:04  SCV  
  18  1:16  SCV  
  19  1:25  Barracks  
  19  1:29  Reaper  
  19  1:32  SCV  
  21  1:45  Orbital Command  
  21  2:01  Reaper  
  22  2:05  Supply Depot  
  22  2:12  SCV  
  23  2:27  SCV, Reaper  
  25  2:31  Factory  
  25  2:33  Reaper  
  26  2:39  SCV  
  26  2:41  Command Center  
  27  2:51  SCV  
  28  2:52  Supply Depot  
  28  3:03  SCV  
  29  3:15  SCV, Barracks Tech Lab  
  29  3:16  Barracks Reactor  
  29  3:18  Starport, Factory Reactor  
  30  3:24  Barracks  
  30  3:27  SCV  
  28  3:44  SCV  
  29  3:51  Combat Shields  
  29  3:52  Marine  
  29  3:53  Marine  
  29  3:54  Marauder  
  29  3:55  Orbital Command  
  32  4:02  Engineering Bay  
  32  4:07  SCV  
  33  4:19  SCV  
  34  4:29  Orbital Command  
  34  4:32  SCV  
  34  4:35  Marauder, Marine  
  34  4:38  Terran Infantry Weapons Level 1  
  38  4:43  Medivac  
  40  4:47  Medivac  
  40  4:49  SCV  
  43  4:52  Marine  
  43  4:56  SCV  
  46  5:01  Barracks Reactor, SCV  
  46  5:07  Supply Depot  
  46  5:08  SCV  
  46  5:11  Stimpack, Supply Depot  
  46  5:13  SCV  
  48  5:17  Marine  
  48  5:20  SCV  
  49  5:28  Missile Turret  
  47  5:32  SCV  
  47  5:33  Missile Turret  
  45  5:36  Marine x2  
  45  5:39  Marine  
  48  5:44  SCV  
  47  5:53  Missile Turret  
  47  5:55  Marine  
  42  6:18  SCV  
  42  6:22  Marine x3  
  42  6:23  Marine  
  46  6:30  SCV  
  39  6:37  Orbital Command  
  39  6:40  Marine x3  
  39  6:42  SCV  
  43  6:57  SCV  
  43  7:00  Marine x2  
  43  7:01  Marine x2  
  47  7:03  Medivac  
  47  7:04  Medivac  
  47  7:08  SCV  
  53  7:09  SCV  
  54  7:18  Marine  
  54  7:20  SCV  
  54  7:21  SCV  
  54  7:32  SCV  
  44  7:58  Engineering Bay  
  44  8:12  SCV  
  45  8:13  SCV  
  46  8:24  SCV  
  46  8:25  SCV  
  48  8:37  SCV x2  
  45  8:42  Marine x3  
  45  8:43  Marauder  
  47  8:49  SCV  
  48  9:00  Marine x3  
  48  9:02  Missile Turret  
  51  9:04  Missile Turret  
  51  9:05  Marauder, Factory Tech Lab  
  53  9:15  Supply Depot  
  53  9:17  SCV  
  53  9:18  Marine  
  53  9:20  Refinery  
  53  9:21  SCV  
  53  9:22  Refinery  
  56  9:27  Marine x2  
  56  9:28  Marauder  
  56  9:29  SCV  
  61  9:34  Barracks, Supply Depot  
  61  9:35  Marine  
  62  9:41  SCV  
  62  9:45  Marine x2  
  64  9:54  SCV  
  65  10:02  SCV  
  65  10:06  SCV  
  65  10:14  SCV  
  65  10:18  SCV  
  67  10:27  SCV  
  67  10:28  Marine x2  
  68  10:29  Marauder, Marine x3  
  68  10:30  SCV  
  76  10:39  SCV  
  76  10:46  Marine  
  77  10:50  Marauder, SCV  
  77  10:51  Marine  
  77  10:52  Marine x2  
  77  10:57  Medivac x2  
  79  11:11  Marauder  
  79  11:12  Supply Depot  
  79  11:15  Supply Depot  
Tags
 
Add a new tag
Caveats
  • Supply blocks, unpowered buildings, or Contaminate may cause inaccurate times.
  • Supply counts are checked every 10 seconds.